 Dungeon Crawl Stone Soup version 0.32-a0-918-g0f22ef8d61 (webtiles) character file.

Game seed: 869861248803608247

75 innerfire43 the Shield-Bearer (level 4, 0/34 HPs)
             Began as a Demonspawn Wanderer on Apr 10, 2024.
             Slain by a hobgoblin (2 damage)
             ... on level 3 of the Dungeon.
             The game lasted 00:03:01 (2103 turns).

innerfire43 the Shield-Bearer (Demonspawn Wanderer) Turns: 2103, Time: 00:03:01

Health: 0/34       AC:  4    Str: 14    XL:     4   Next: 11%
Magic:  4/4        EV: 10    Int:  9    God:
Gold:   150        SH:  7    Dex: 16    Spells: 3/3 levels left

rFire   . . .        a - +0 whip (vamp)
rCold   . . .        k - +2 buckler
rNeg    . . .        e - +0 leather armour
rPois   .            (no helmet)
rElec   .            (no cloak)
rCorr   .            (no gloves)
SInv    .            c - +0 pair of boots
Will    .....        (no amulet)
Stlth   ++           (no ring)
HPRegen 0.25/turn    (no ring)
MPRegen 0.18/turn

%: no passive effects
@: no status effects
A: magic regeneration, demonic touch 1
a: no special abilities


You were on level 3 of the Dungeon.
You visited 1 branch of the dungeon, and saw 3 of its levels.

You collected 150 gold pieces.

Inventory:

Hand Weapons
 a - a +0 vampiric whip (weapon)
 b - a +2 heavy sling
 i - a +1 dagger of venom
 m - a +0 hand axe
Armour
 c - a +0 pair of boots (worn)
 e - a +0 leather armour (worn)
 k - a +2 buckler (worn)
Scrolls
 g - 2 scrolls of identify
 h - a scroll of immolation
 j - a scroll of vulnerability {unknown}
Potions
 d - a potion of might
 f - 2 potions of curing {unknown}
 l - a potion of brilliance {unknown}


   Skills:
 + Level 2.6 Fighting
 - Level 2.1(2.3) Axes
 + Level 1.2(1.9) Maces & Flails
 * Level 0.3 Ranged Weapons
 + Level 1.2 Armour
 - Level 1.7 Dodging
 - Level 1.0 Stealth
 + Level 3.2 Shields


You had 3 spell levels left.
You didn't know any spells.
Your spell library was empty.

Dungeon Overview and Level Annotations

Branches:
Dungeon (3/15)

Altars:


Innate Abilities, Weirdness & Mutations

You regenerate magic rapidly.
Your touch may inflict minor irresistible damage on your foes.


Message History

The hobgoblin is severely wounded.
The ribbon worm expels a string of sticky webbing.
The stream of webbing hits you but does no damage.
You are caught in a web!
The hobgoblin barely misses you.
The web tears apart.
The ribbon worm barely misses you. The hobgoblin barely misses you.
You closely miss the hobgoblin.
The hobgoblin is severely wounded.
The hobgoblin hits you.
The ribbon worm expels a string of sticky webbing.
The stream of webbing hits you but does no damage.
You are caught in a web!
You struggle to detach yourself from the web.
The hobgoblin hits you.
The web tears apart.
The ribbon worm barely misses you. The hobgoblin barely misses you.
Unknown command.
You closely miss the hobgoblin.
The hobgoblin is severely wounded.
The ribbon worm bites you. The hobgoblin closely misses you.
You hit the hobgoblin.
You feel better.
The hobgoblin is almost dead.
The hobgoblin misses you. The ribbon worm bites you.
* * * LOW HITPOINT WARNING * * *
You closely miss the hobgoblin.
The hobgoblin is almost dead.
The hobgoblin barely misses you. You block the ribbon worm's attack.
You barely miss the hobgoblin.
The hobgoblin is severely wounded.
The hobgoblin hits you but does no damage.
The ribbon worm misses you.
You closely miss the hobgoblin.
The hobgoblin is severely wounded.
The hobgoblin completely misses you.
You completely miss the hobgoblin.
The hobgoblin is severely wounded.
The ribbon worm bites you.
* * * LOW HITPOINT WARNING * * *
The hobgoblin hits you.
You die...

#####.##### #.#
#.........#.. ...
#..##.##..#.# #.#
#..##.##..#.# #.#
#..##.##..#<# #.# #
#..##.##..#.# #.# .#
#..#..##..#.# #.##.##
#.....##..#.###w#...####
................@......+
###...#########.#g..##[#
##...# #>#..## ##.##
......# #.# ##......#
#.# ###.#..# #.# .#$.#
#.# ....# #.#


You could see a ribbon worm and a hobgoblin.

Vanquished Creatures
  3 adders (D:2)
  A dart slug (D:2)
  2 orcs (D:3)
  5 endoplasms
  4 goblins
  5 hobgoblins (D:1)
  2 jackals (D:3)
  A quokka (D:1)
  3 ball pythons
  5 bats
  2 frilled lizards
  7 kobolds
  3 rats
43 creatures vanquished.

Notes
Turn   | Place    | Note
-------+----------+-------------------------------------------
     0 | D:1      | innerfire43 the Demonspawn Wanderer began the quest for the
                  | Orb.
     0 | D:1      | innerfire43 set off with the following items: a +0 hand
                  | axe, a +2 buckler, a +0 pair of boots, a potion of might, a
                  | +0 leather armour.
     0 | D:1      | Reached XP level 1. HP: 16/16 MP: 1/1
   275 | D:1      | Gained mutation: You regenerate magic rapidly. [demonic
                  | ancestry]
   275 | D:1      | Reached XP level 2. HP: 8/22 MP: 2/2
   852 | D:2      | Reached skill level 3 in Shields
   877 | D:2      | Reached skill level 1 in Armour
   877 | D:2      | Gained mutation: Your touch may inflict minor irresistible
                  | damage on your foes. [demonic ancestry]
   877 | D:2      | Reached XP level 3. HP: 28/28 MP: 3/3
  1053 | D:2      | Reached skill level 1 in Maces & Flails
  1217 | D:2      | Found a faded altar of an unknown god.
  1672 | D:3      | Reached XP level 4. HP: 33/34 MP: 4/4
  2103 | D:3      | Slain by a hobgoblin

Illustrated notes

Levels and vault maps discovered:
D:1:      lemuel_arrival_muddy, layout_rooms, kennysheep_nondescript
D:2:      layout_basic, hellmonk_ecumenical_altar_run_dry,
          hangedman_feature_mirror
D:3:      minmay_roachtagon, layout_loops_corners, nicolae_figureground_sparkle,
          uniq_pargi

Skill      XL: |  1  2  3 |
---------------+----------+-----
Axes           | 2 |  2.1
Shields        | 3 |  3.2
Armour         | 1 |  1.2
Maces & Flails | 1 |  1.2
Fighting       | |  2.6
Ranged Weapons | |  0.3
Dodging        | |  1.7
Stealth        | |  1.0

Action                     |  1- 3 |  4- 6 || total
---------------------------+-------+-------++-------
  Melee: Hand axe          |    77 |       ||    77
         Whip              |    76 |    41 ||   117
    Use: Scroll            |     5 |       ||     5
   Stab: Sleeping          |     2 |       ||     2
 Armour: Leather armour    |    65 |    26 ||    91
  Dodge: Dodged            |    70 |    30 ||   100
  Block: Buckler           |    44 |    16 ||    60

Table legend: (Time is in decaauts)
 A = Elapsed time spent in this place.
 B = Non-inter-level travel time spent in this place.
 C = Inter-level travel time spent in this place.
 D = Time resting spent in this place.
 E = Time spent auto-exploring this place.
 F = Levels seen in this place.
 G = Mean time per level.
                   A        B        C        D        E       F      G
               +--------+--------+--------+--------+--------+-----+--------+
         Total |   2127 |   2058 |     69 |      0 |   1610 |   3 |  709.0 |
       Dungeon |   2127 |   2058 |     69 |      0 |   1610 |   3 |  709.0 |
               +--------+--------+--------+--------+--------+-----+--------+

Top non-repeatable levels by time:
     D:2: 831 daAuts
     D:1: 774 daAuts
     D:3: 521 daAuts
